 Dungeon Crawl Stone Soup version 0.20-a0-548-g4f8a798 (webtiles) character file.

170 krabocopter the Chopper (level 5, -8/41 HPs)
             Began as a Formicid Fighter on Feb 1, 2017.
             Mangled by a two-headed ogre
             ... wielding a +0 giant spiked club
              (22 damage)
             ... on level 3 of the Dungeon.
             The game lasted 00:09:42 (3914 turns).

krabocopter the Chopper (Formicid Fighter)          Turns: 3914, Time: 00:09:46

Health: -8/41      AC:  8    Str: 19 (20) XL:     5   Next: 80%
Magic:  14/14      EV:  7    Int:  7 (9)  God:
Gold:   100        SH: 10    Dex:  9 (10) Spells: 4/4 levels left

rFire    . . .     SeeInvis +   l - +0 falchion (slice)
rCold    . . .     Gourm    .   b - +0 scale mail
rNeg     . . .     Faith    +   c - +1 shield
rPois    .         Spirit   .   (helmet unavailable)
rElec    .         Reflect  .   (no cloak)
rCorr    .         Harm     .   t - +0 pair of gloves
MR       .....                  (no boots)
Stlth    ..........             r - amulet of faith
Regen    0.2/turn               (no ring)
                                m - ring of magical power

@: no status effects
A: permanent stasis, dig shafts and tunnels, four strong arms, antennae 3
a: Dig, Shaft Self


You were on level 3 of the Dungeon.
You were not hungry.

You visited 1 branch of the dungeon, and saw 3 of its levels.

You collected 100 gold pieces.

Inventory:

Hand Weapons
 a - a +1 war axe
 j - a +0 trident of protection
 l - a +0 falchion of slicing (weapon)
 p - a +2 dagger of venom
Armour
 b - a +0 scale mail (worn)
 c - a +1 shield (worn)
 t - a +0 pair of gloves (worn)
Jewellery
 m - a ring of magical power (left hand)
 r - an amulet of faith (around neck)
Wands
 n - a wand of disintegration (24/24)
Scrolls
 h - a scroll of recharging
 i - 2 scrolls of teleportation {unknown}
 o - a scroll of fog {unknown}
Potions
 e - a potion of resistance {unknown}
 k - a potion of cure mutation {unknown}
 q - a potion of heal wounds {unknown}
 u - a potion of flight {unknown}
Comestibles
 f - 2 bread rations
 g - a royal jelly
 s - 7 chunks of flesh


   Skills:
 - Level 3.2 Fighting
 + Level 1.8 Long Blades
 - Level 5.1 Axes
 - Level 3.2 Armour
 - Level 3.6 Shields


You had 4 spell levels left.
You didn't know any spells.

Dungeon Overview and Level Annotations

Branches:
Dungeon (3/15)

Altars:
Ashenzari
Ru
The Shining One

Annotations:
D:2 Jessica


Innate Abilities, Weirdness & Mutations

You cannot be hasted, slowed, berserked, paralysed or teleported.
You can dig through walls and to a lower floor.
Your four strong arms can wield two-handed weapons with a shield.
You have a pair of large antennae on your head. (SInv)


Message History

The two-headed ogre is lightly wounded.
The bat hits you but does no damage.
The two-headed ogre hits you with a giant spiked club!
You block the two-headed ogre's attack.
You slash the two-headed ogre!
The two-headed ogre is lightly wounded.
You block the bat's attack.
You block the two-headed ogre's attack. x2
Your shield prevents you from hitting the two-headed ogre.
The two-headed ogre is lightly wounded.
The bat barely misses you. The bat hits you but does no damage.
The two-headed ogre hits you with a giant spiked club!
You block the two-headed ogre's attack.
Okay, then.
It was a potion of berserk rage.
Your stasis prevents you from going berserk.
The hobgoblin shouts!
The bat hits you but does no damage.
The two-headed ogre hits you with a giant spiked club!!
Ouch! That really hurt!
You die...

..# ##))##.....##..........
### #..###.....##..........
# ##...#.....###..........
# ##......#...# #..........
####.....###...#
#........## #........#
#.#.# #.......?#
.....#.#..##.#.###........#
.#####.##.##.#.O.#........#
.... ..# ....#..@b......
.... ..# ###.###........
...# .# ##.#..... ...#
....... ...# ...#### ....
...# ...#. #...g ## #.
..... ..#. ##..#.. .# ...
.... ..... ....#####.##.##


You could see a two-headed ogre, a hobgoblin and a bat.

Vanquished Creatures
  Robin (D:2)
  6 adders (D:2)
  An ooze (D:2)
  A worm (D:2)
  4 dart slugs
  6 leopard geckos
  5 orcs
  3 giant cockroaches
  12 goblins
  12 hobgoblins
  A jackal (D:2)
  A quokka (D:2)
  8 bats
  4 frilled lizards
  9 kobolds
  4 rats
78 creatures vanquished.

Notes
Turn   | Place    | Note
-------+----------+-------------------------------------------
     0 | D:1      | krabocopter the Formicid Fighter began the quest for the Orb.
     0 | D:1      | Reached XP level 1. HP: 18/18 MP: 1/1
   279 | D:1      | Reached XP level 2. HP: 22/24 MP: 2/2
   376 | D:1      | Reached skill level 3 in Axes
   725 | D:1      | Found a glowing golden altar of the Shining One.
   787 | D:1      | Reached XP level 3. HP: 25/29 MP: 3/3
  1362 | D:2      | Found a shattered altar of Ashenzari.
  1456 | D:2      | HP: 1/29 [poisoned by an adder]
  1733 | D:2      | Reached skill level 4 in Axes
  1733 | D:2      | Reached XP level 4. HP: 32/35 MP: 4/4
  1765 | D:2      | Noticed Jessica
  2170 | D:2      | Noticed Robin
  2178 | D:2      | Killed Robin
  2178 | D:2      | Reached XP level 5. HP: 18/41 MP: 5/5
  2737 | D:2      | Reached skill level 5 in Axes
  2897 | D:2      | Reached skill level 1 in Long Blades
  3618 | D:3      | Found a sacrificial altar of Ru.
  3659 | D:3      | Noticed a two-headed ogre
  3914 | D:3      | Mangled by a two-headed ogre

Vault maps used:
D:1:      dpeg_arrival_long_road, minmay_curled_crystal, tso_altar
D:2:      evilmike_ruin_ashenzari, first_bread, minmay_split_cup_large,
          uniq_jessica, uniq_robin
D:3:      nicolae_overflow_crystal_walls, hangedman_ru_absence

Skill      XL: |  1  2  3  4  5 |
---------------+----------------+-----
Axes           | 3 4 5 |  5.1
Long Blades    | 1 |  1.8
Fighting       | |  3.2
Armour         | |  3.2
Shields        | |  3.6

Action                   |  1- 3 |  4- 6 || total
-------------------------+-------+-------++-------
Melee: War axe           |    68 |    75 ||   143
       Falchion          |       |   110 ||   110
  Use: Scroll            |     6 |       ||     6
       Potion            |     2 |     1 ||     3
  Eat: Chunk             |     2 |     8 ||    10
Armor: Scale mail        |    34 |    95 ||   129
Dodge: Dodged            |    21 |    65 ||    86
Block: Shield            |    38 |   155 ||   193
       Rpst.: Falchion   |       |    16 ||    16
